 Dungeon Crawl Stone Soup version 0.28-a0-589-g333b8329f1 (webtiles) character file.

Game seed: 16092281774172237305

212 Klosterheim the Conjurer (level 5, -8/28 HPs)
             Began as a Deep Elf Conjurer on Oct 4, 2021.
             Killed by nerve-wracking pain
             ... invoked by a shadow imp
              (13 damage)
             ... on level 3 of the Dungeon.
             The game lasted 00:04:49 (3630 turns).

Klosterheim the Conjurer (Deep Elf Conjurer)        Turns: 3630, Time: 00:04:50

Health: -8/28      AC:  2    Str:  4    XL:     5   Next: 58%
Magic:  4/13       EV: 12    Int: 24    God:
Gold:   121        SH:  0    Dex: 13    Spells: 9/12 levels left

rFire   . . .      SeeInvis .   j - +0 falchion
rCold   . . .      Faith    .   (no shield)
rNeg    . . .      Spirit   .   a - +0 robe
rPois   +          Reflect  .   (no helmet)
rElec   .          Harm     .   (no cloak)
rCorr   .          Rampage  .   (no gloves)
Will    .....                   (no boots)
Stlth   ++........              (no amulet)
HPRegen 0.09/turn               e - ring of poison resistance
MPRegen 0.13/turn               (no ring)

@: no status effects
A: no striking features
a: no special abilities


You were on level 3 of the Dungeon.
You visited 1 branch of the dungeon, and saw 3 of its levels.

You collected 121 gold pieces.

Inventory:

Hand Weapons
 j - a +0 falchion (weapon)
Armour
 a - a +0 robe (worn)
Jewellery
 e - a ring of poison resistance (left hand)
Wands
 p - a wand of paralysis (10)
Scrolls
 b - a scroll of fog {unknown}
 c - 2 scrolls of magic mapping {unknown}
 d - a scroll of brand weapon {unknown}
 f - a scroll of summoning {unknown}
 k - a scroll of amnesia {unknown}
 n - a scroll of identify {unknown}
 o - a scroll of torment {unknown}
Potions
 g - a potion of resistance {unknown}
 h - a potion of heal wounds {unknown}
 i - a potion of ambrosia {unknown}
 l - a potion of curing {unknown}
 m - a potion of might {unknown}


   Skills:
 - Level 3.0 Dodging
 - Level 3.0 Stealth
 - Level 4.0 Spellcasting
 + Level 6.9 Conjurations


You had 9 spell levels left.
You knew the following spells:

 Your Spells              Type           Power      Damage    Failure   Level
a - Magic Dart            Conj           100%       1d8       1%          1
b - Searing Ray           Conj           76%        2d7       1%          2

Your spell library contained the following spells:

 Spells                   Type           Power      Damage    Failure   Level
 Dazzling Flash           Conj/Hex       42%        N/A       7%          3
 Summon Small Mammal      Summ           16%        N/A       10%         1
 Sublimation of Blood     Necr           2%         N/A       14%         2
 Fulminant Prism          Conj/Hex       10%        3d9       24%         4
 Iskenderun's Mystic Bla  Conj/Tloc      21%        2d6       24%         4
 Call Canine Familiar     Summ           4%         N/A       28%         3
 Summon Guardian Golem    Hex/Summ       4%         N/A       28%         3
 Irradiate                Conj/Tmut      10%        3d17      54%         5
 Petrify                  Tmut/Erth      4%         N/A       67%         4


Dungeon Overview and Level Annotations

Branches:
Dungeon (3/15)

Altars:
Elyvilon

Annotations:
D:3 1 transporter


Message History

Aiming: Magic Dart (safe; 1% risk of failure)
Press: ? - help, Shift-Dir - straight line, f - shadow imp
Aim: a shadow imp (100% to hit)
The magic dart hits the shadow imp.
The shadow imp is lightly wounded.
Casting: Magic Dart (safe; 1% risk of failure)
Confirm with . or Enter, or press ? or * to list all spells.
Aiming: Magic Dart (safe; 1% risk of failure)
Press: ? - help, Shift-Dir - straight line, f/p - shadow imp
Aim: a shadow imp (lightly wounded, 100% to hit)
The magic dart hits the shadow imp but does no damage.
The shadow imp is lightly wounded.
Casting: Magic Dart (safe; 1% risk of failure)
Confirm with . or Enter, or press ? or * to list all spells.
Aiming: Magic Dart (safe; 1% risk of failure)
Press: ? - help, Shift-Dir - straight line, f/p - shadow imp
Aim: a shadow imp (lightly wounded, 100% to hit)
The magic dart hits the shadow imp but does no damage.
The shadow imp is lightly wounded.
The shadow imp spits at you.
Casting: Magic Dart (safe; 1% risk of failure)
Confirm with . or Enter, or press ? or * to list all spells.
Aiming: Magic Dart (safe; 1% risk of failure)
Press: ? - help, Shift-Dir - straight line, f/p - shadow imp
Aim: a shadow imp (lightly wounded, 100% to hit)
The magic dart hits the shadow imp.
The shadow imp is heavily wounded.
Casting: Magic Dart (safe; 1% risk of failure)
Confirm with . or Enter, or press ? or * to list all spells.
Aiming: Magic Dart (safe; 1% risk of failure)
Press: ? - help, Shift-Dir - straight line, f/p - shadow imp
Aim: a shadow imp (heavily wounded, 100% to hit)
The magic dart hits the shadow imp.
The shadow imp is almost dead.
The shadow imp gestures at you. Pain shoots through your body!
* * * LOW HITPOINT WARNING * * *
The shadow imp gestures at you. Pain shoots through your body!
You die...

#.##...########...### #...
#..'..........+.>.'.# #...
####...####..##...#.# #...
########...#...#.#########
#.....©.....#.##....###
#.#########.#.##....##.
#.#8P.©.P8#.#.##....##.
#.#P.....P#.#..+....''.
#.####@####.####....##.
#.#5≈...≈5#.# #....##.
#.#5≈...≈5#.# #....##.
#.#.≈≈≈≈≈.#.####....##.
#.#.≈≈♣≈≈.#.##.......##
#.#.≈≈≈≈≈.#..........##
#.#.≈...≈.#............
#.#.≈...≈.#............
#.####+####..>.###.....


You could see 4 shadow imps.

Vanquished Creatures
  An orc priest (D:3)
  Jessica (D:3)
  Terence (D:2)
  3 gnolls (D:2)
  3 adders
  2 worms (D:2)
  6 bats
  5 endoplasms
  3 giant cockroaches
  5 hobgoblins
  7 jackals (D:2)
  6 quokkas
  3 ball pythons (D:1)
  6 frilled lizards
  8 goblins
  4 kobolds
  5 rats
69 creatures vanquished.

Vanquished Creatures (others)
  2 fungi (D:3)
2 creatures vanquished.

Grand Total: 71 creatures vanquished

Notes
Turn   | Place    | Note
-------+----------+-------------------------------------------
     0 | D:1      | Klosterheim the Deep Elf Conjurer began the quest for the
                  | Orb.
     0 | D:1      | Reached XP level 1. HP: 10/10 MP: 6/6
   222 | D:1      | Reached XP level 2. HP: 8/15 MP: 0/8
   924 | D:1      | Reached skill level 5 in Conjurations
  1141 | D:2      | Reached XP level 3. HP: 19/19 MP: 7/9
  1392 | D:2      | Learned a level 2 spell: Searing Ray
  1577 | D:2      | Reached XP level 4. HP: 24/24 MP: 9/12
  1767 | D:2      | Noticed Terence
  1799 | D:2      | Killed Terence
  2047 | D:2      | Found a white marble altar of Elyvilon.
  2085 | D:2      | Reached skill level 6 in Conjurations
  2580 | D:3      | Reached XP level 5. HP: 28/28 MP: 8/13
  2652 | D:3      | Found a transporter.
  2656 | D:3      | Found a transporter.
  2824 | D:3      | Found a faded altar of an unknown god.
  2917 | D:3      | Noticed Jessica
  2919 | D:3      | Killed Jessica
  3630 | D:3      | Killed from afar by a shadow imp

Illustrated notes

Levels and vault maps discovered:
D:1:      onia_arrival_pyramid, layout_basic
D:2:      layout_basic, basic_altar, kennysheep_big_empty_room,
          kennysheep_minor_cross, minmay_statues_item, st_stairs_4, uniq_terence
D:3:      gammafunk_wand_slinger, layout_basic,
          dreamdust_ecumenical_altar_hidden_monk_grotto, uniq_jessica

Skill      XL: |  1  2  3  4 |
---------------+-------------+-----
Stealth        | 3 |  3.0
Dodging        | 3 |  3.0
Conjurations   | 5 6 |  6.9
Spellcasting   | 4 |  4.0

Action                   |  1- 3 |  4- 6 || total
-------------------------+-------+-------++-------
 Cast: Magic Dart        |    69 |    60 ||   129
       Searing Ray       |       |     5 ||     5
Dodge: Dodged            |     2 |     3 ||     5

Table legend: (Time is in decaauts)
 A = Elapsed time spent in this place.
 B = Non-inter-level travel time spent in this place.
 C = Inter-level travel time spent in this place.
 D = Time resting spent in this place.
 E = Time spent auto-exploring this place.
 F = Levels seen in this place.
 G = Mean time per level.
                   A        B        C        D        E       F      G
               +--------+--------+--------+--------+--------+-----+--------+
         Total |   3628 |   3535 |     93 |   1206 |   2003 |   3 | 1209.3 |
       Dungeon |   3628 |   3535 |     93 |   1206 |   2003 |   3 | 1209.3 |
               +--------+--------+--------+--------+--------+-----+--------+

Top non-repeatable levels by time:
     D:2: 1294 daAuts
     D:3: 1243 daAuts
     D:1: 1090 daAuts
